 Dungeon Crawl Stone Soup version 0.17-a0-1910-g4c791fa (webtiles) character file.

229 Goblin1989 the Insei (level 6, -3/32 HPs)
             Began as a Vine Stalker Monk on Sept 25, 2015.
             Slain by Edmund
             ... wielding a +0 flail of protection
              (7 damage)
             ... on level 4 of the Dungeon.
             The game lasted 00:06:41 (2241 turns).

Goblin1989 the Insei (Vine Stalker Monk)            Turns: 2241, Time: 00:06:41

Health: -3/32      AC:  3    Str: 14    XL:     6   Next: 3%
Magic:  0/7        EV: 13    Int: 12    God:
Gold:   159        SH:  0    Dex: 16    Spells: 0 memorised, 5 levels left

rFire  . . .     SeeInvis .       - Unarmed
rCold  . . .     Clarity  .     i - +1 robe {MR+}
rNeg   . . .     SustAt   .     (no shield)
rPois  .         Gourm    .     (no helmet)
rElec  .         Spirit   +     (no cloak)
rCorr  .         Warding  .     (no gloves)
rMut   .         Stasis   .     (no boots)
MR     +....                    (no amulet)
Stlth  +++.......               (no ring)
                                (no ring)

@: somewhat resistant to hostile enchantments, fairly stealthy
A: fangs 2, regeneration 2, magic shield, antimagic bite, no device heal 3, rot
immunity
a: no special abilities


You were on level 4 of the Dungeon.
You were not hungry.

You visited 1 branch of the dungeon, and saw 4 of its levels.

You collected 159 gold pieces.

Inventory:

Armour
 i - a +1 robe of magic resistance (worn)
Scrolls
 d - a scroll of random uselessness {unknown}
 e - a scroll of magic mapping
 l - a scroll of amnesia
Potions
 c - a potion of curing
 f - a potion of flight {unknown}
 g - a potion of cure mutation {unknown}
 h - a potion of resistance {unknown}
 k - a potion of magic {unknown}
 m - a potion of degeneration {unknown}
 p - a potion of cancellation {unknown}
Comestibles
 a - a royal jelly
 b - 2 bread rations
 j - a slice of pizza
 n - 7 fruits
 o - 3 meat rations


   Skills:
 - Level 2.6 Fighting
 - Level 2.4 Dodging
 + Level 4.1 Stealth
 * Level 6.5 Unarmed Combat


You had 5 spell levels left.
You didn't know any spells.

Dungeon Overview and Level Annotations

Branches:
Dungeon (4/15)
 Temple: D:4-7

Altars:
Xom

Annotations:
D:3 graki42's ghost, weakling MiFi
D:4 Edmund


Innate Abilities, Weirdness & Mutations

You have extremely sharp teeth.
You heal very quickly.
When hurt, damage is shared between your health and your magic reserves.
Your bite disrupts and absorbs the magic of your enemies.
Potions and wands cannot restore your health.
You are immune to rotting.


Message History

You hit Edmund but do no damage. Your bite misses Edmund.
Edmund is heavily wounded.
Edmund hits you with a flail of protection.
You hit Edmund.
Edmund is heavily wounded.
Edmund hits you with a flail of protection.
You hit Edmund.
Edmund is heavily wounded.
Edmund misses you.
You hit Edmund but do no damage. You bite Edmund. You drain his power.
You feel invigorated.
Edmund is severely wounded.
You hit Edmund but do no damage.
Edmund is severely wounded.
Edmund hits you with a flail of protection!
* * * LOW HITPOINT WARNING * * *
You closely miss Edmund. You bite Edmund, but do no damage.
Edmund is severely wounded.
Edmund hits you with a flail of protection!
You die...

#.#...# #.#
#.#...# #.#
#.#...###.#
#<#.......#
#.#...######
..#..>.....#
#.#.######.#
#@#......#.#
#@####.###.#
#.#[.......#.#
#.#..........#
#.###.#########
#..........)..#
#####.#######.#
#.# #.# #.# #.#
#.# #.#


You could see Edmund.

Vanquished Creatures
  An ogre (D:4)
  Jessica (D:2)
  Terence (D:3)
  A worker ant (D:4)
  A gnoll (D:1)
  2 adders (D:3)
  An ooze (D:1)
  5 giant geckos
  An orc (D:4)
  7 bats
  2 giant cockroaches
  4 goblins
  7 hobgoblins
  A quokka (D:3)
  A ball python (D:3)
  5 giant newts
  6 kobolds
  5 rats
52 creatures vanquished.

Notes
Turn   | Place    | Note
--------------------------------------------------------------
     0 | D:1      | Goblin1989 the Vine Stalker Monk began the quest for the Orb.
     0 | D:1      | Reached XP level 1. HP: 11/11 MP: 2/2
    17 | D:1      | Reached XP level 2. HP: 8/16 MP: 3/3
   187 | D:1      | Reached XP level 3. HP: 19/19 MP: 4/4
   291 | D:1      | Reached skill level 5 in Unarmed Combat
   604 | D:2      | Noticed Jessica
   609 | D:2      | Killed Jessica
   629 | D:2      | Found a shimmering altar of Xom.
   633 | D:2      | Reached XP level 4. HP: 23/23 MP: 5/5
  1863 | D:3      | Noticed graki42's ghost (weakling MiFi)
  1865 | D:3      | Noticed Terence
  1887 | D:3      | Killed Terence
  1887 | D:3      | Reached skill level 6 in Unarmed Combat
  1887 | D:3      | Reached XP level 5. HP: 9/27 MP: 3/6
  2093 | D:4      | Noticed an ogre
  2099 | D:4      | Killed an ogre
  2099 | D:4      | Gained mutation: You heal very quickly. [Vine Stalker growth]
  2099 | D:4      | Reached XP level 6. HP: 23/32 MP: 5/7
  2221 | D:4      | Noticed Edmund
  2241 | D:4      | Slain by Edmund

Vault maps used:
D:1:      tarquinn_simple_flora_water_f, minmay_misc_feat_enclosed, minivault_26
D:2:      lemuel_doored_altar, first_bread, minmay_misc_feat_columns,
          minmay_misc_feat_chi, uniq_jessica
D:3:      grunt_ministairs_9, corexii_corridor_pit, uniq_terence
D:4:      kb_xom_exploding_sheep, uniq_edmund

Action                   |  1- 3 |  4- 6 || total
-------------------------+-------+-------++-------
Melee: Unarmed           |    46 |   107 ||   153
  Use: Scroll            |       |     5 ||     5
       Potion            |       |     2 ||     2
 Stab: Sleeping          |     5 |    10 ||    15
  Eat: Chunk             |       |     3 ||     3
       Beef jerky        |       |     1 ||     1
